Map: Ancient Cistern LE

Players

TheDankOne - Winner!

  • Race: Protoss Protoss
  • League: Diamond
  • Spawn Location: 1:00

RoV

  • Race: Terran Terran
  • League: Diamond
  • Spawn Location: 7:00

VOD

Have the link to the VOD?

Description

Time

  • Played on: May 12, 2023, 6:33 a.m.
  • Length: 8:45
Show
View Real Time Build Order
Export as new Build Order

TheDankOne Protoss - Winner!

Build Orders: Mass Adepts 

Get SALT Encoding   

  12  0:01  Probe  
  13  0:14  Probe  
  14  0:22  Pylon  
  14  0:26  Probe  
  15  0:40  Probe  
  15  0:41  Gateway  
  16  0:46  Assimilator  
  16  0:53  Probe  
  17  1:05  Probe (Chrono Boost)  
  18  1:16  Probe (Chrono Boost)  
  19  1:19  Pylon  
  19  1:20  Probe (Chrono Boost)  
  20  1:29  Cybernetics Core  
  20  1:31  Probe  
  21  1:43  Probe  
  22  1:55  Probe  
  21  2:13  Adept  
  21  2:14  Warp Gate (Chrono Boost)  
  23  2:19  Gateway  
  23  2:20  Gateway  
  23  2:33  Nexus  
  23  2:39  Probe  
  24  2:54  Assimilator  
  24  2:56  Adept  
  26  3:06  Pylon  
  26  3:10  Adept x2  
  30  3:17  Pylon  
  30  3:21  Gateway  
  30  3:30  Shield Battery  
  30  3:35  Shield Battery  
  30  3:43  Shield Battery  
  30  3:55  Shield Battery  
  30  3:59  Adept x2  
  34  4:17  Adept  
  34  4:18  Adept  
  38  4:28  Adept x2  
  42  4:41  Adept x2  
  38  5:05  Adept x3  
  40  5:21  Adept  
  40  5:36  Pylon  
  40  5:39  Pylon  
  32  5:55  Adept x4  
  29  6:19  Adept x4  
  33  6:40  Adept x3  
  33  6:44  Probe  
  36  6:58  Adept  
  38  7:08  Adept x2  
  42  7:18  Shield Battery  
  38  7:36  Adept x3  
  42  7:48  Adept  
  42  8:07  Adept x3  
  46  8:40  Adept x4  
Show
View Real Time Build Order
Export as new Build Order

RoV Terran 

Build Orders:  

Get SALT Encoding   

  12  0:00  SCV  
  13  0:12  SCV  
  14  0:17  Supply Depot  
  14  0:25  SCV  
  15  0:38  SCV  
  15  0:41  Barracks  
  16  0:50  SCV  
  16  0:51  Refinery  
  17  1:03  SCV  
  18  1:15  SCV  
  19  1:29  Marine  
  19  1:30  Orbital Command  
  20  1:39  Command Center  
  20  1:50  Marine  
  21  1:57  Supply Depot  
  21  1:58  SCV  
  22  2:07  Factory  
  22  2:13  SCV  
  23  2:17  Barracks Reactor  
  23  2:27  Bunker  
  23  2:28  SCV  
  24  2:35  Barracks  
  24  2:40  SCV  
  24  2:52  SCV, Orbital Command  
  24  2:53  Marine x2  
  24  2:56  Factory Tech Lab  
  27  3:04  SCV  
  28  3:07  Refinery  
  28  3:10  Marine  
  28  3:11  Marine  
  30  3:16  SCV  
  31  3:20  Bunker  
  31  3:21  SCV  
  31  3:25  Barracks Tech Lab  
  32  3:28  Siege Tank  
  32  3:31  SCV  
  32  3:32  Marine  
  32  3:34  Marine  
  37  3:39  SCV  
  39  3:44  Supply Depot  
  39  3:45  Marine  
  41  3:48  SCV  
  41  3:49  Combat Shield  
  41  3:51  Marine  
  41  3:55  Marine  
  43  3:56  SCV  
  43  4:01  SCV  
  40  4:18  Marine x3  
  40  4:19  SCV, Siege Tank  
  42  4:35  Marine, Barracks  
  43  4:40  Marine x2  
  43  4:41  SCV  
  46  4:53  Marine  
  46  4:56  SCV x2  
  46  4:58  Marine x2  
  42  5:11  Marine  
  41  5:16  Marine x2  
  37  5:29  Marine  
  37  5:33  Marine  
  37  5:34  Marine  
  35  5:45  SCV x2  
  35  5:47  Marine  
  34  5:57  SCV x2  
  34  6:09  SCV x2  
  32  6:27  SCV x2  
  32  6:39  SCV x2  
  32  6:52  SCV  
  31  6:58  Marine x2  
  28  7:02  SCV  
  28  7:03  Marine  
  28  7:04  SCV  
  26  7:34  Marine x2  
  26  7:36  SCV  
  17  7:52  SCV  
  17  7:57  SCV  
  14  8:06  Marine  
  14  8:10  Marine  
Tags
 
Add a new tag
Caveats
  • Supply blocks, unpowered buildings, or Contaminate may cause inaccurate times.
  • Supply counts are checked every 10 seconds.